 Dungeon Crawl Stone Soup version 0.21.0-3-g78d12a8 (webtiles) character file.

54570 letownia2 the Brawler (level 14, -7/86 HPs)
             Began as a Gargoyle Fighter on Jan 8, 2018.
             Was an Initiate of Gozag.
             Mangled by Donald
             ... wielding a +2 demon trident of venom
              (29 damage)
             ... on level 2 of the Orcish Mines.
             The game lasted 00:56:39 (19732 turns).

letownia2 the Brawler (Gargoyle Fighter)           Turns: 19732, Time: 00:56:40

Health: -7/86      AC: 36    Str: 25    XL:     14   Next: 73%
Magic:  18/25      EV: 14    Int: 14    God:    Gozag
Gold:   1821       SH:  5    Dex: 15    Spells: 22/27 levels left

rFire    . . .     SeeInvis .     - Unarmed
rCold    + . .     Gourm    .   K - +0 buckler
rNeg     + . .     Faith    .   W - +4 ring mail "Kepothre" {rC+ Str+3}
rPois    ∞         Spirit   .   s - +2 helmet of Nof Wic {Str+2}
rElec    +         Reflect  .   L - +0 cloak
rCorr    .         Harm     .   P - +2 pair of gloves
MR       +....                  y - +1 pair of boots
Stlth    +.........             J - amulet of regeneration
HPRegen  0.64/turn              H - +5 ring of protection
MPRegen  0.19/turn              G - +6 ring of dexterity

@: flying
A: big wings, negative energy resistance 1, electricity resistance, unbreathing,
petrification resistance, rot immunity, AC +10
a: Stop Flying, Potion Petition, Call Merchant, Bribe Branch, Renounce Religion


You were on level 2 of the Orcish Mines.
You worshipped Gozag.
Gozag was most pleased with you.
You were very full.

You visited 3 branches of the dungeon, and saw 19 of its levels.
You also visited: Sewer.

You collected 6481 gold pieces.
You paid 4660 gold pieces to Gozag.

Inventory:

Missiles
 X - 3 throwing nets (quivered)
Armour
 k - a +2 chain mail of magic resistance
 l - a +2 plate armour of cold resistance
 s - the +2 helmet of Nof Wic (worn) {Str+2}
   (You found it on level 4 of the Dungeon)

   It affects your strength (+2).
 y - a +1 pair of boots (worn)
 K - a +0 buckler (worn)
 L - a +0 cloak (worn)
 P - a +2 pair of gloves (worn)
 S - a +2 plate armour of cold resistance
 W - the +4 ring mail "Kepothre" (worn) {rC+ Str+3}
   (You found it on level 8 of the Dungeon)

   It affects your strength (+3).
   It protects you from cold.
Jewellery
 h - an uncursed ring of protection from magic
 n - a +3 ring of intelligence
 C - an uncursed ring of ice
 G - a +6 ring of dexterity (right hand)
 H - a +5 ring of protection (left hand)
 J - an amulet of regeneration (around neck)
 N - an uncursed ring of protection from fire
 V - an uncursed ring of protection from cold
Wands
 j - a wand of digging (17)
 v - a wand of acid (6)
 w - a wand of flame (47)
 z - a wand of paralysis (13)
 B - a wand of iceblast (13)
 E - a wand of disintegration (15)
Scrolls
 a - a scroll of blinking
 e - a scroll of fear {unknown}
 i - 7 scrolls of identify
 m - a scroll of holy word {unknown}
 q - 2 scrolls of fog {unknown}
 t - 5 scrolls of magic mapping
 u - 4 scrolls of remove curse
 F - 2 scrolls of random uselessness {unknown}
 O - 10 scrolls of teleportation
 R - 2 scrolls of immolation
 T - a scroll of torment {unknown}
Potions
 b - a potion of brilliance
 c - 8 potions of might
 f - a potion of invisibility
 g - a potion of resistance
 o - 6 potions of heal wounds
 p - 6 potions of curing
 x - 4 potions of lignification
 A - a potion of berserk rage {unknown}
 D - a potion of agility
 I - 2 potions of ambrosia
 M - 5 potions of cancellation
 U - 2 potions of mutation
 Y - 2 potions of magic
Miscellaneous
 Z - a phial of floods
Comestibles
 d - 14 rations


   Skills:
 + Level 9.6 Fighting
 + Level 7.1 Armour
 + Level 4.9 Dodging
 - Level 5.4 Shields
 + Level 17.8 Unarmed Combat
 - Level 7.4 Spellcasting
 - Level 3.8 Conjurations
 - Level 4.2 Air Magic
 - Level 3.4 Poison Magic
 - Level 4.1 Evocations


You had 22 spell levels left.
You knew the following spells:

 Your Spells              Type           Power        Failure   Level  Hunger
e - Mephitic Cloud        Conj/Pois/Air  ###.....     12%         3    ##.....
v - Poisonous Vapours     Pois/Air       ###...       6%          2    None


Dungeon Overview and Level Annotations

Branches:
Dungeon (11/15)            Temple (0/1) D:6            Lair (6/6) D:8
 Shoals (0/4) Lair:2        Snake (0/4) Lair:3        Slime (0/5) Lair:6
    Orc (2/2) D:11            Elf (0/3) Orc:2

Altars:
Dithmenos
Gozag
Okawaru
Trog
Vehumet
Xom
Zin
The Shining One

Shops:
D:6 (   D:11 ?=   Orc:2 (   Lair:2 ==*[

Annotations:
D:8 1 exclusion
Orc:2 Donald


Innate Abilities, Weirdness & Mutations

You are resistant to torment.
Your stone body is resilient. (AC +10)
You are immune to poison.
Your large and strong wings let you fly indefinitely.
You resist negative energy. (rN+)
You are resistant to electric shocks. (rElec)
You can survive without breathing.
You are immune to petrification.
You are immune to rotting.


Message History

The ogre is lightly wounded.
Donald hits you from afar with a demon trident of venom!!
* * * LOW HITPOINT WARNING * * *
Casting: Mephitic Cloud
Confirm with . or Enter, or press ? or * to list all spells.
Aiming: Mephitic Cloud
Press: ? - help, Shift-Dir - straight line, p - Donald The ball explodes into a vile cloud!
The stinking cloud engulfs Donald.
Donald is severely wounded.
The stinking cloud engulfs the ogre.
The ogre is lightly wounded.
The stinking cloud engulfs you! Donald barely misses you.
You block the ogre's attack.
Unknown command.
Unknown command.
Unknown command.
Unknown command.
Donald hits you from afar with a demon trident of venom!!
You die...
Your body crumbles into a pile of gold.

**,,..##.##.............,,,,,,
**,,,,#..................,,,,,,
*,,,.,,....#.............,,,,,,
###,,....,#......#.........,,,,,$
#..,.....##.....#$$........,,,,,,
...........#...............,,,,,,
#.##.......................,,,,,,
...........#......$$.......,,,,,,
...............§@..........,,,,,,
...#..........@§O..$...$...,,,,,,
.))...........§.....o......,,,,,,
..)...........§§...........,,,,,,
..$........................,,,,,,
...........................,,,,,,
...............o...........,,,,,,
...........................,,,,,,
.......................,,,,,,,,,,


You could see Donald, an orc warrior, an ogre and an orc wizard (confused).

Vanquished Creatures
  Kirke (Lair:3)
  2 fire dragons
  Snorg (Lair:4)
  An ice dragon (Lair:6)
  2 catoblepae
  A two-headed ogre (D:10)
  5 hydras
  6 death yaks
  A centaur warrior (D:11)
  Urug (Lair:3)
  An unseen horror (D:10)
  A swamp dragon (Lair:6)
  A lindwurm (Lair:6)
  3 ugly things
  An orc knight (D:11)
  2 manticores (D:11)
  A cyclops (D:11)
  3 elephants (Lair:5)
  2 black mambas
  3 merfolk sirens (Lair:2)
  Psyche (D:10)
  5 torpor snails (Lair:6)
  7 spiny frogs
  3 rime drakes
  A freezing wraith (D:11)
  4 komodo dragons
  4 tyrant leeches (Lair:6)
  A troll (D:9)
  A merfolk (Lair:2)
  A polar bear (Lair:5)
  6 hornets (Lair:6)
  23 blink frogs
  6 hippogriffs
  6 dream sheep (Lair:5)
  A vampire (D:11)
  4 wyverns
  3 hogs (Lair:3)
  10 basilisks
  23 yaks
  3 hungry ghosts
  A steam dragon (Lair:6)
  A warg (Orc:1)
  4 acid dragons (Lair:6)
  10 water moccasins
  7 porcupines
  4 sky beasts
  The ghost of komo4ek the Grave Robber, an amateur VSNe (D:3)
  15 orc warriors
  A swamp drake (Lair:6)
  An ice beast (D:9)
  A black bear (D:9)
  7 ogres
  5 wolves (Lair:3)
  17 centaurs
  11 crocodiles
  2 big kobolds
  A gnoll sergeant (D:8)
  9 bullfrogs
  4 scorpions
  9 wights
  4 howler monkeys
  2 crimson imps
  2 bullfrog zombies
  7 hounds
  18 jellies
  Crazy Yiuf (D:2)
  9 orc priests
  2 bullfrog skeletons
  2 centaur skeletons
  A gnoll shaman (D:10)
  8 iguanas
  19 orc wizards
  11 worker ants
  2 worker ant zombies
  Robin (D:3)
  17 gnolls
  A river rat (Sewer)
  10 adders
  A shadow imp (D:10)
  An adder skeleton (D:8)
  4 worms
  2 dart slugs (D:1)
  2 leopard geckos
  55 orcs
  7 bats
  10 giant cockroaches
  9 hobgoblins
  15 jackals
  4 quokkas
  6 frilled lizards
  17 goblins
  16 kobolds
  A quokka skeleton (D:7)
  14 rats
  A fungus (Lair:6)
  A plant (Lair:6)
546 creatures vanquished.

Vanquished Creatures (others)
  9 fungi
  18 plants
27 creatures vanquished.

Grand Total: 573 creatures vanquished

Notes
Turn   | Place    | Note
-------+----------+-------------------------------------------
     0 | D:1      | letownia2 the Gargoyle Fighter began the quest for the Orb.
     0 | D:1      | Reached XP level 1. HP: 14/14 MP: 1/1
    94 | D:1      | You fall through a shaft!
   173 | D:2      | Reached skill level 3 in Unarmed Combat
   173 | D:2      | Reached XP level 2. HP: 19/19 MP: 2/2
   179 | D:2      | Reached XP level 3. HP: 18/23 MP: 3/3
   608 | D:3      | Found a radiant altar of Vehumet.
   657 | D:4      | Reached skill level 4 in Unarmed Combat
   657 | D:4      | Reached XP level 4. HP: 22/28 MP: 4/4
   717 | D:4      | Found a glowing drain.
   845 | D:4      | Reached skill level 5 in Unarmed Combat
   845 | D:4      | Reached XP level 5. HP: 31/32 MP: 5/5
  1068 | Sewer    | Entered a sewer
  1198 | Sewer    | Noticed a big kobold
  1264 | Sewer    | Killed a big kobold
  1336 | Sewer    | Found a white marble altar of Elyvilon.
  1436 | D:4      | Reached skill level 6 in Unarmed Combat
  1520 | D:4      | Reached XP level 6. HP: 29/37 MP: 6/6
  1544 | D:4      | Got a fine helmet
  1550 | D:4      | Identified the +2 helmet of Nof Wic {Str+2} (You found it on level 4 of the Dungeon)
  1824 | D:4      | Found a glowing silver altar of Zin.
  2133 | D:5      | Entered Level 5 of the Dungeon
  2501 | D:5      | Noticed a sky beast
  2522 | D:5      | Killed a sky beast
  2522 | D:5      | Reached skill level 7 in Unarmed Combat
  2668 | D:5      | Reached XP level 7. HP: 40/41 MP: 7/7
  2891 | D:6      | Reached skill level 8 in Unarmed Combat
  3163 | D:6      | Reached skill level 1 in Evocations
  3167 | D:6      | Found an opulent altar of Gozag.
  3176 | D:6      | Became a worshipper of Gozag Ym Sagoz the Greedy
  3213 | D:6      | Reached XP level 8. HP: 46/46 MP: 9/9
  3556 | D:6      | Found Ezajaowk's Weapon Boutique.
  3670 | D:6      | Found an iron altar of Okawaru.
  3670 | D:6      | Found a shimmering altar of Xom.
  3683 | D:6      | Found a staircase to the Ecumenical Temple.
  3953 | D:3      | Noticed Robin
  3966 | D:3      | Killed Robin
  4037 | D:3      | Noticed komo4ek's ghost (amateur VSNe)
  4052 | D:3      | Killed komo4ek's ghost
  4052 | D:3      | Reached skill level 5 in Armour
  4485 | D:2      | Found a runed door.
  4599 | D:2      | Noticed Crazy Yiuf
  4607 | D:2      | Killed Crazy Yiuf
  6193 | D:7      | Reached skill level 9 in Unarmed Combat
  6382 | D:7      | Reached skill level 1 in Dodging
  6581 | D:7      | Reached XP level 9. HP: 51/51 MP: 10/10
  6929 | D:7      | Noticed a two-headed ogre
  7393 | D:8      | Found a staircase to the Lair.
  7394 | D:8      | Noticed a komodo dragon
  7436 | D:8      | Killed a komodo dragon
  7584 | D:8      | Reached skill level 10 in Unarmed Combat
  7652 | D:8      | Got an ichor-stained ring mail
  7663 | D:8      | Identified the +4 ring mail "Kepothre" {rC+ Str+3} (You found it on level 8 of the Dungeon)
  7674 | D:8      | Found a bloodstained altar of Trog.
  8109 | D:8      | Found a glowing golden altar of the Shining One.
  8118 | D:8      | Found a shadowy altar of Dithmenos.
  8193 | D:9      | Noticed a troll
  8396 | D:9      | Killed a troll
  8396 | D:9      | Reached skill level 11 in Unarmed Combat
  8409 | D:9      | Noticed a two-headed ogre
  8511 | D:9      | Reached XP level 10. HP: 45/56 MP: 11/11
  8786 | D:9      | Reached skill level 12 in Unarmed Combat
  8960 | D:9      | Found a bloodstained altar of Trog.
  9274 | D:9      | Learned a level 2 spell: Poisonous Vapours
  9278 | D:9      | Learned a level 3 spell: Mephitic Cloud
  9293 | D:10     | Entered Level 10 of the Dungeon
  9402 | D:10     | Reached skill level 1 in Conjurations
  9429 | D:10     | Reached skill level 1 in Spellcasting
  9429 | D:10     | Reached skill level 1 in Poison Magic
  9469 | D:10     | Reached skill level 1 in Air Magic
  9487 | D:10     | Noticed Psyche
  9494 | D:10     | Killed Psyche
  9571 | D:10     | Killed an unseen horror
  9632 | D:10     | Noticed a two-headed ogre
  9680 | D:10     | Killed a two-headed ogre
  9680 | D:10     | Reached XP level 11. HP: 54/60 MP: 2/15
 10193 | D:11     | Found a staircase to the Orcish Mines.
 10241 | D:11     | Noticed a manticore
 10251 | D:11     | Noticed a cyclops
 10303 | D:11     | Killed a cyclops
 10312 | D:11     | Killed a manticore
 10511 | D:11     | Noticed an orc knight
 10525 | D:11     | Noticed a centaur warrior
 10547 | D:11     | Killed a centaur warrior
 10566 | D:11     | Noticed a four-headed hydra
 10566 | D:11     | Reached skill level 13 in Unarmed Combat
 10705 | D:11     | Noticed a purple ugly thing
 10709 | D:11     | Noticed a brown ugly thing
 10737 | D:10     | Killed a purple ugly thing
 10742 | D:11     | Noticed a green ugly thing
 10744 | D:11     | Killed an orc knight
 10758 | D:11     | Killed a green ugly thing
 10805 | D:11     | Killed a purple ugly thing
 10862 | D:11     | Found Nayfo's Magic Scroll Shop.
 10910 | D:11     | Killed a four-headed hydra
 10910 | D:11     | Reached skill level 14 in Unarmed Combat
 11131 | D:11     | Reached XP level 12. HP: 64/64 MP: 19/19
 11587 | Lair:1   | Entered Level 1 of the Lair of Beasts
 11592 | Lair:1   | Noticed a five-headed hydra
 11915 | Lair:1   | Reached skill level 5 in Fighting
 12388 | Lair:2   | Noticed a catoblepas
 12409 | Lair:2   | Killed a catoblepas
 12788 | Lair:3   | Noticed a five-headed hydra
 12824 | Lair:3   | Killed a five-headed hydra
 12986 | Lair:3   | Reached skill level 15 in Unarmed Combat
 13012 | Lair:3   | Found a staircase to the Snake Pit.
 13019 | Lair:3   | Noticed Urug
 13027 | Lair:3   | Killed Urug
 13375 | Lair:4   | Reached XP level 13. HP: 80/80 MP: 20/20
 13394 | Lair:4   | Got a pitted broad axe
 13397 | Lair:4   | Identified the cursed +0 broad axe "Neomp" {chop, +Blink rPois Str+5} (You found it on level 4 of the Lair of Beasts)
 13558 | Lair:4   | Noticed Snorg
 13591 | Lair:4   | Noticed Kirke
 13717 | Lair:4   | HP: 2/80 [Kirke (17)]
 13727 | Lair:3   | HP: 4/80 [Kirke (14)]
 13731 | Lair:3   | Noticed a sphinx
 13731 | Lair:3   | Killed Kirke
 13904 | Lair:4   | Noticed a fire dragon
 13931 | Lair:4   | Killed a fire dragon
 14074 | Lair:4   | Killed Snorg
 14385 | Lair:5   | Reached skill level 16 in Unarmed Combat
 14990 | Lair:6   | Entered Level 6 of the Lair of Beasts
 15095 | Lair:6   | Reached skill level 5 in Spellcasting
 15412 | Lair:6   | Reached skill level 17 in Unarmed Combat
 15474 | Lair:6   | Found a staircase to the Slime Pits.
 15828 | Lair:6   | Gained mutation: Your large and strong wings let you fly indefinitely. [Gargoyle growth]
 15828 | Lair:6   | Reached XP level 14. HP: 86/86 MP: 20/23
 16747 | Lair:6   | Found a runed door.
 16830 | Lair:6   | Reached skill level 5 in Shields
 17424 | Lair:2   | Found a staircase to the Shoals.
 18516 | Lair:1   | You are sucked into a shaft!
 18667 | Orc:1    | Entered Level 1 of the Orcish Mines
 19541 | Orc:2    | Entered Level 2 of the Orcish Mines
 19556 | Orc:2    | Found Wyorucia's Antique Weapon Shop.
 19706 | Orc:2    | Noticed Donald
 19732 | Orc:2    | Mangled by Donald

Skill      XL: |  1  2  3  4  5  6  7  8  9 10 11 12 13 14 |
---------------+-------------------------------------------+-----
Unarmed Combat | 3 4 5 6 7 8 9 11 12 14 15 17 | 17.8
Evocations     | 2 3 4 |  4.1
Armour         | 6 7 |  7.1
Dodging        | 2 4 |  4.9
Conjurations   | 3 |  3.8
Spellcasting   | 3 4 6 7 |  7.4
Poison Magic   | 3 |  3.4
Air Magic      | 2 4 |  4.2
Fighting       | 9 |  9.6
Shields        | 5 |  5.4

Action                   |  1- 3 |  4- 6 |  7- 9 | 10-12 | 13-15 || total
-------------------------+-------+-------+-------+-------+-------++-------
Melee: Unarmed           |    78 |   213 |   498 |   776 |   927 ||  2492
       Punch             |     1 |     4 |     4 |       |       ||     9
Throw: Javelin           |       |       |     6 |     1 |       ||     7
 Cast: Poisonous Vapours |       |       |       |     9 |     8 ||    17
       Mephitic Cloud    |       |       |       |     8 |    11 ||    19
Invok: Call Merchant     |       |       |       |     3 |     2 ||     5
 Abil: Fly               |       |       |       |       |     1 ||     1
Evoke: Wand              |       |       |     5 |    22 |     3 ||    30
  Use: Scroll            |       |       |     4 |    12 |     9 ||    25
       Potion            |       |       |       |       |     3 ||     3
 Stab: Distracted        |       |       |     3 |     8 |     4 ||    15
       Paralysed         |       |       |     3 |       |       ||     3
       Confused          |       |       |       |     9 |    10 ||    19
       Invisible         |       |       |       |     1 |       ||     1
       Petrified         |       |       |       |       |     5 ||     5
  Eat: Chunk             |       |     6 |     2 |     1 |       ||     9
       Ration            |       |       |     5 |     7 |     8 ||    20
Armor: Scale mail        |    51 |   120 |   178 |       |       ||   349
       Ring mail         |       |       |    72 |   391 |   346 ||   809
       Chain mail        |       |       |       |     8 |    42 ||    50
Dodge: Dodged            |    29 |    63 |   217 |   372 |   350 ||  1031
Block: Shield            |     8 |       |       |       |       ||     8
       Buckler           |       |       |    86 |   138 |   135 ||   359
